 Dungeon Crawl Stone Soup version 0.27-a0-1281-ge233d83751 (webtiles) character file.

Game seed: 2922488489829266851

75 funkygono the Skirmisher (level 4, -2/37 HPs)
             Began as a Formicid Abyssal Knight on June 13, 2021.
             Was a Believer of Lugonu.
             Killed by nerve-wracking pain
             ... invoked by a shadow imp
             ... summoned by Natasha
              (4 damage)
             ... on level 2 of the Dungeon.
             The game lasted 00:02:44 (1721 turns).

funkygono the Skirmisher (Formicid Abyssal Knight)  Turns: 1721, Time: 00:02:45

Health: -2/37      AC:  4    Str: 17    XL:     4   Next: 55%
Magic:  5/5        EV: 11    Int: 12    God:    Lugonu [**....]
Gold:   59         SH:  0    Dex: 10    Spells: 3/3 levels left

rFire    . . .     SeeInvis +   a - +1 mace
rCold    . . .     Faith    .   (no shield)
rNeg     . . .     Spirit   .   b - +0 leather armour
rPois    .         Reflect  .   (helmet unavailable)
rElec    .         Harm     .   (no cloak)
rCorr    .         Rampage  .   c - +0 pair of gloves
Will     .....                  (no boots)
Stlth    +.........             (no amulet)
HPRegen  0.12/turn              (no ring)
MPRegen  0.09/turn              (no ring)

@: no status effects
A: permanent stasis, dig shafts and tunnels, antennae 3, four strong arms
a: Dig, Shaft Self, Renounce Religion, Depart the Abyss, Bend Space


You were on level 2 of the Dungeon.
You worshipped Lugonu.
Lugonu was pleased with you.
You visited 1 branch of the dungeon, and saw 2 of its levels.
You visited the Abyss 1 time.

You collected 59 gold pieces.

Inventory:

Hand Weapons
 a - a +1 mace (weapon)
Armour
 b - a +0 leather armour (worn)
 c - a +0 pair of gloves (worn)
Scrolls
 f - 3 scrolls of amnesia
Potions
 d - a potion of attraction {unknown}
 e - 2 potions of curing


   Skills:
 + Level 4.1 Fighting
 + Level 3.3 Maces & Flails
 + Level 2.5 Armour
 + Level 1.2 Dodging
 + Level 0.2 Stealth
 + Level 2.3 Invocations


You had 3 spell levels left.
You didn't know any spells.
Your spell library was empty.

Dungeon Overview and Level Annotations

Branches:
Dungeon (2/15)

Altars:

Annotations:
D:2 Natasha


Innate Abilities, Weirdness & Mutations

You cannot be hasted, slowed, berserked, paralysed or teleported.
You can dig through walls and to a lower floor.
You have a pair of large antennae on your head. (SInv)
Your four strong arms can wield two-handed weapons with a shield.


Message History

Lugonu accepts your kill.
Natasha screams in pain as she dies!
The iron imp disappears in a puff of smoke!
The crimson imp disappears in a puff of smoke!
Your Fighting skill increases to level 4!
Space bends around you!
You blink.
Natasha, Servant of Life and Death comes into view.
Natasha is nearby!
Natasha hisses angrily.
Natasha stares at you and mumbles some strange words.
The magic dart hits you.
Natasha extends her claws.
Natasha closely misses you.
You hit Natasha but do no damage. Natasha closely misses you.
Natasha claws you.
You closely miss Natasha.
Natasha mumbles some strange words.
You barely miss Natasha. Natasha casts a spell at you. The magic dart hits you.
The shadow imp hits you.
* * * LOW HITPOINT WARNING * * *
You barely miss Natasha. Natasha claws you!
* * * LOW HITPOINT WARNING * * *
The shadow imp hits you but does no damage.
You completely miss Natasha.
Natasha mumbles some strange words.
The shadow imp lashes its tail.
The shadow imp closely misses you. Natasha closely misses you.
You don't have enough health at the moment.
Unknown command.
You don't have enough health at the moment.
Unknown command.
You don't have enough health at the moment.
Unknown command.
The shadow imp gestures at you.
You barely resist. The shadow imp puffs mist at you.
The shadow imp gestures at you. Pain shoots through your body!
You die...

..#..........#....# ##
.<.......#.>........
#####...<#..........#
......#..#.#.##.)##.#
####.......#.## ### ######
###..........## #. .....#
##...#........h####.##.....#
...#.#.......5...##.†.§....#
###..####†...5..@.###......#
# #.## ##.#.#.............#
###.# #...#.......#...(.#
##..# ##..#.).<...#....[#
##.## ####.......#.....#
##.# #.......#.....# ##.#
############### ...# ####


You could see Natasha, a crimson imp (summoned) and a shadow imp (summoned).

Vanquished Creatures
  Natasha (D:2)
  A dart slug (D:1)
  4 endoplasms
  4 giant cockroaches
  4 goblins
  7 hobgoblins
  2 quokkas
  5 ball pythons
  9 frilled lizards
  5 kobolds
  2 rats (D:1)
44 creatures vanquished.

Vanquished Creatures (others)
  2 plants (D:2)
2 creatures vanquished.

Grand Total: 46 creatures vanquished

Notes
Turn   | Place    | Note
-------+----------+-------------------------------------------
     0 | Abyss:1  | funkygono the Formicid Abyssal Knight began the quest for
                  | the Orb.
     0 | Abyss:1  | Reached XP level 1. HP: 18/18 MP: 2/2
    46 | D:1      | Escaped the Abyss
    88 | D:1      | Reached XP level 2. HP: 7/24 MP: 3/3
   650 | D:1      | Reached XP level 3. HP: 20/30 MP: 4/4
   885 | D:1      | Reached ** piety under Lugonu
   966 | D:1      | Found a faded altar of an unknown god.
  1020 | D:1      | Reached skill level 1 in Dodging
  1606 | D:2      | Reached XP level 4. HP: 32/37 MP: 5/5
  1704 | D:2      | Noticed Natasha
  1709 | D:2      | Killed Natasha
  1710 | D:2      | Reached skill level 4 in Fighting
  1710 | D:2      | Noticed Natasha
  1721 | D:2      | Killed from afar by a shadow imp

Illustrated notes

Levels and vault maps discovered:
D:1:      minmay_arrival_four_loops, layout_basic, ebering_ecumenical_altar_box,
          hangedman_decor_points, minmay_nonomino_d4
D:2:      layout_rooms, serial_bayou_lake_a, uniq_natasha

Skill      XL: |  1  2  3  4 |
---------------+-------------+-----
Dodging        | 1 |  1.2
Maces & Flails | 3 |  3.3
Fighting       | 4 |  4.1
Armour         | |  2.5
Stealth        | |  0.2
Invocations    | |  2.3

Action                   |  1- 3 |  4- 6 || total
-------------------------+-------+-------++-------
Melee: Mace              |   124 |    11 ||   135
Invok: Bend Space        |     2 |     1 ||     3
  Use: Scroll            |     2 |       ||     2
Armor: Leather armour    |    41 |     3 ||    44
Dodge: Dodged            |    80 |     5 ||    85

Table legend: (Time is in decaauts)
 A = Elapsed time spent in this place.
 B = Non-inter-level travel time spent in this place.
 C = Inter-level travel time spent in this place.
 D = Time resting spent in this place.
 E = Time spent auto-exploring this place.
 F = Levels seen in this place.
 G = Mean time per level.
                   A        B        C        D        E       F      G
               +--------+--------+--------+--------+--------+-----+--------+
         Total |   1762 |   1741 |     21 |      9 |   1360 |   3 |  587.3 |
       Dungeon |   1716 |   1695 |     21 |      9 |   1330 |   2 |  858.0 |
         Abyss |     46 |     46 |      0 |      0 |     30 |   1 |   46.0 |
               +--------+--------+--------+--------+--------+-----+--------+

Top non-repeatable levels by time:
     D:1: 1325 daAuts
     D:2: 390 daAuts
 Abyss:1: 46 daAuts
